 Dungeon Crawl Stone Soup version 0.18.1-5-g4a78601 (webtiles) character file.

199162 Geppetto the Executioner (level 17, -7/166 HPs)
             Began as a Minotaur Berserker on May 9, 2016.
             Was an Elder of Trog.
             Mangled by Nikola
             ... wielding a +4 rapier of electrocution
              (20 damage)
             ... on level 2 of the Shoals on May 10, 2016.
             The game lasted 05:21:30 (36468 turns).

Geppetto the Executioner (Minotaur Berserker)      Turns: 36468, Time: 05:21:33

Health: -7/166     AC: 23    Str: 32    XL:     17   Next: 83%
Magic:  16/16      EV: 15    Int:  4    God:    Trog [****..]
Gold:   2785       SH:  0    Dex: 13    Spells: 0 memorised, 16 levels left

rFire  . . .     SeeInvis .     s - +0 executioner's axe (vamp)
rCold  + . .     Gourm    .     w - +2 plate armour {rC+}
rNeg   . . .     Faith    .     (shield currently unavailable)
rPois  +         Spirit   .     (helmet restricted)
rElec  .         Dismiss  .     (no cloak)
rCorr  .         Reflect  .     W - +1 pair of gloves
SustAt .         Harm     .     A - +0 pair of boots
MR     +++..                    b - amulet of regeneration
Stlth  ..........               U - +4 ring of strength
                                P - ring of poison resistance

@: very slightly contaminated, regenerating, extremely resistant to hostile
enchantments, extremely unstealthy
A: retaliatory headbutt, hooves 1, horns 2, agile 1
a: Berserk, Trog's Hand, Brothers in Arms, Burn Spellbooks, Renounce Religion
}: 1/15 runes: gossamer


You were on level 2 of the Shoals.
You worshipped Trog.
Trog was greatly pleased with you.
You were hungry.

You visited 7 branches of the dungeon, and saw 33 of its levels.

You collected 3292 gold pieces.
You spent 507 gold pieces at shops.

Inventory:

Hand Weapons
 s - a +0 vampiric executioner's axe (weapon)
 u - a +4 scimitar of flaming
 z - the +8 battleaxe "Tormentor" {holy, rC+}
   (Trog gifted it to you on level 3 of the Spider Nest)

   It has been blessed by the Shining One to cause great damage to the undead
   and demons.
   It protects you from cold.
 L - a +9 executioner's axe of flaming
 M - a +6 antimagic broad axe
Armour
 w - a +2 plate armour of cold resistance (worn)
 A - a +0 pair of boots (worn)
 W - a +1 pair of gloves (worn)
Jewellery
 b - an amulet of regeneration (around neck)
 e - an uncursed ring of positive energy
 i - an uncursed ring of sustain attributes
 k - an uncursed ring of resist corrosion
 m - the ring "Qoilemok" {rElec rF++ SInv}
   (You found it on level 8 of the Lair of Beasts)

   [ring of see invisible]

   It greatly protects you from fire.
   It insulates you from electricity.
   It lets you see invisible.
 E - a +2 ring of evasion
 I - an uncursed ring of flight
 J - an uncursed ring of ice
 P - a ring of poison resistance (left hand)
 U - a +4 ring of strength (right hand)
 V - a +5 ring of intelligence
Wands
 D - a wand of paralysis (17/24)
 F - a wand of iceblast (2/15)
 G - a wand of teleportation (7/9)
 T - a wand of confusion (15/48)
 Y - a wand of lightning (6/15)
 Z - a wand of iceblast (2/15)
Scrolls
 h - 6 scrolls of teleportation
 o - 6 scrolls of fog
 q - 4 scrolls of fear
 t - 6 scrolls of magic mapping
 v - 2 scrolls of silence
 x - 4 scrolls of identify
 y - 6 scrolls of remove curse
 O - 3 scrolls of recharging
Potions
 g - 8 potions of lignification
 j - 9 potions of flight
 n - 2 potions of agility
 p - 3 potions of cure mutation
 B - 3 potions of haste
 C - 2 potions of resistance
 H - 6 potions of brilliance
 Q - 3 potions of ambrosia
 R - a potion of invisibility
 X - a potion of curing
Miscellaneous
 a - a phial of floods
Comestibles
 c - 5 bread rations
 d - 13 meat rations
 f - 6 beef jerkies
 l - 8 fruits
 r - 7 slices of pizza
 N - 2 royal jellies


   Skills:
 + Level 18.7 Fighting
   Level 3.5 Short Blades
 + Level 22.1 Axes
   Level 1.0 Crossbows
 + Level 16.3 Armour
 + Level 13.1 Dodging
   Level 9.3 Shields


You had 16 spell levels left.
You didn't know any spells.

Dungeon Overview and Level Annotations

Branches:
Dungeon (15/15)            Temple (1/1) D:4            Lair (8/8) D:10
 Shoals (2/4) Lair:4       Spider (4/4) Lair:4        Slime (1/6) Lair:6
    Orc (2/2) D:9             Elf (0/3) Orc:2        Vaults (0/5) D:14
 Depths (0/5) D:15

Altars:
Ashenzari
Cheibriados
Dithmenos
Elyvilon
Fedhas
Gozag
Kikubaaqudgha
Makhleb
Nemelex Xobeh
Okawaru
Pakellas
Qazlal
Ru
Sif Muna
Trog
Vehumet
Xom
Yredelemnul
Zin
The Shining One
Lugonu

Shops:
Orc:2 *==*

Portals:
Abyss: D:1

Annotations:
D:8 Prince Ribbit
Shoals:2 Nikola


Innate Abilities, Weirdness & Mutations

You reflexively headbutt those who attack you in melee.
You have a pair of horns on your head.
You have large cloven feet.
You are agile. (Dex +2)


Message History

Nikola gestures at you while chanting. The zap hits you!
Drink which item? (? for menu, Esc to quit)
You are confused.
You feel invigorated.
Drink which item? (? for menu, Esc to quit)
You feel better.
You feel less invigorated.
You enter the shallow water.
Moving in this stuff is going to be slow.
Nikola gestures wildly while chanting.
You hear a mighty clap of thunder!
The lightning arc hits you!
The lightning arc hits Nikola.
The lightning arc hits you!
* * * LOW HITPOINT WARNING * * *
The lightning arc hits Nikola.
The lightning arc hits you!
* * * LOW HITPOINT WARNING * * *
Nikola hits you with a rapier of electrocution.
* * * LOW HITPOINT WARNING * * *
You are electrocuted!
You die...

≈≈≈...≈..≈..........≈≈≈≈≈≈≈≈≈≈≈
≈≈....≈............≈≈≈≈≈≈≈≈≈≈≈≈
≈≈≈≈.......(........≈≈≈≈≈≈≈≈≈≈≈
≈≈≈≈..≈....##........≈≈≈≈≈≈≈≈≈≈≈
..≈≈≈.....##....####.....≈≈≈≈≈≈≈≈
#..≈≈...≈.###...#####....≈≈≈≈≈≈≈≈
...≈...≈..###.........)..)†≈)≈≈≈≈
...≈................≈≈..(.(()≈≈≈≈
≈..............@@...≈..(####((≈≈≈
≈....≈.............≈...## ##.[≈≈
≈≈.......#......≈..≈≈..# ##.≈(
≈≈......##..≈..≈≈≈≈≈≈..## ##.≈
≈≈≈..≈..###...≈≈..≈≈≈...## #.≈
≈≈≈≈.≈.P#....≈≈...≈≈≈≈≈..### ##.≈
≈≈≈≈..(.....≈≈≈.[≈≈≈≈≈.....# #..≈
≈≈≈P...≈...≈≈≈≈≈≈≈.≈≈≈....## #.≈≈
≈≈≈≈≈..≈...≈≈.≈≈≈≈≈≈≈≈≈≈...# #.≈≈


You could see Nikola.

Vanquished Creatures
  A kraken (Shoals:1)
  Kirke (Lair:5)
  A storm dragon (D:14)
  Donald (Orc:2)
  6 ghost moths
  4 emperor scorpions (Spider:4)
  Azrael (D:15)
  2 spark wasps
  Snorg (Lair:8)
  A merfolk javelineer (Shoals:2)
  A merfolk impaler (Shoals:2)
  3 entropy weavers
  Erolcha (D:8)
  4 catoblepae (Lair:8)
  5 hydras
  A merfolk avatar (Shoals:2)
  A merfolk aquamancer (Shoals:1)
  An ogre mage (D:14)
  A satyr (Shoals:2)
  2 tengu warriors
  25 death yaks
  4 orc high priests (Orc:2)
  5 skeletal warriors
  3 sea snakes
  A shadow wraith (D:14)
  A spark wasp zombie (D:15)
  3 unseen horrors
  4 hill giants
  A necromancer (D:15)
  An iron dragon zombie (D:15)
  5 orc knights
  8 harpies
  4 orc sorcerers (Orc:2)
  2 ugly things
  A phantasmal warrior (D:15)
  5 griffons
  5 fauns
  37 wolf spiders
  9 hornets
  3 manticores
  17 orb spiders
  2 moths of wrath
  5 cyclopes
  Maurice (D:10)
  A water nymph (Shoals:1)
  4 centaur zombies
  The ghost of striepan the Cleaver, a novice MiFi (D:4)
  3 black mambas
  A water nymph (shapeshifter) (D:15)
  4 elephants
  4 sirens
  3 torpor snails
  10 spiny frogs
  19 demonic crawlers
  A kobold demonologist (D:14)
  3 rime drakes
  9 komodo dragons
  An efreet (D:13)
  A polar bear (Lair:3)
  40 jumping spiders
  4 tengu conjurers
  4 trolls
  Grinder (D:4)
  8 slime creatures (D:12)
  4 two-headed ogres
  A wind drake (Shoals:2)
  14 blink frogs
  6 merfolk
  A boulder beetle (Spider:3)
  3 snapping turtles (Shoals:1)
  A spriggan zombie (D:15)
  Sigmund (D:2)
  78 redbacks
  2 wyverns
  2 water elementals (Shoals:1)
  A shadow (D:13)
  25 tarantellas
  A human (D:7)
  2 wraiths
  4 hogs (Lair:5)
  49 yaks
  Eustachio (D:4)
  4 basilisks
  5 fire elementals (D:15)
  2 hungry ghosts
  12 hippogriffs
  13 vampire mosquitoes
  2 mottled dragons (D:15)
  Edmund (D:4)
  A warg (Orc:1)
  A hell hound (D:15)
  15 water moccasins
  10 porcupines
  A soldier ant (D:10)
  4 sky beasts
  21 orc warriors
  An eye of draining (D:14)
  An ice beast (D:11)
  5 wasps
  3 phantoms
  7 black bears
  7 wolves
  11 ogres
  8 centaurs
  6 crocodiles
  A big kobold (D:10)
  A wyvern zombie (D:12)
  31 giant frogs
  A water moccasin zombie (D:5)
  A scorpion (D:7)
  8 killer bees
  10 wights
  3 electric eels
  7 howler monkeys
  9 crimson imps
  2 giant frog zombies
  5 hounds
  10 jellies
  4 centaur skeletons
  21 orc priests
  A giant frog skeleton (D:10)
  12 iguanas
  31 orc wizards
  13 worker ants
  32 sheep
  2 hound skeletons
  A howler monkey skeleton (D:6)
  A worker ant zombie (D:9)
  11 gnolls
  9 adders
  46 river rats
  A shadow imp (D:8)
  3 oozes (D:2)
  4 adder skeletons
  5 worms
  A dart slug (D:1)
  3 giant geckos
  85 orcs
  2 ball pythons (D:1)
  6 giant cockroaches
  11 goblins
  8 hobgoblins
  10 jackals
  3 quokkas
  4 bats
  9 giant newts
  A jackal skeleton (D:7)
  5 kobolds
  10 rats
  12 fungi
  10 plants
  6 tentacles (Shoals:1)
  A tentacle segment (Shoals:1)
  A withered plant (D:15)
1124 creatures vanquished.

Vanquished Creatures (collateral kills)
  An emperor scorpion (Spider:4)
  An ettin (Orc:2)
  An entropy weaver (Spider:3)
  The ghost of kae the Severer, a journeyman DDFi of Makhleb (Lair:2)
  3 hydras
  5 death yaks (Lair:8)
  A wolf spider (Spider:4)
  A deep elf mage (D:14)
  2 griffons
  The ghost of oplop the Poker, a novice MfIE of Cheibriados (D:7)
  The ghost of heinrich the Cudgeler, a novice GrFi (D:5)
  An elephant (Lair:5)
  Joseph (D:7)
  A black mamba (Lair:5)
  A spiny frog (Lair:5)
  2 jumping spiders
  2 blink frogs (Lair:5)
  6 yaks
  3 orc warriors (Orc:2)
  A crocodile (Lair:8)
  2 orc priests (Orc:2)
  An iguana (Lair:2)
  An orc wizard (Orc:2)
  5 river rats (Lair:8)
  3 orcs (Orc:2)
48 creatures vanquished.

Vanquished Creatures (others)
  An orb spider (Spider:4)
  An elf zombie (D:15)
  A merfolk (Shoals:2)
  A wasp (Spider:4)
  A jelly (D:15)
  An orc (Orc:2)
  5 bushes (Lair:8)
  42 fungi
  17 plants
  11 tentacles (Shoals:1)
  850 tentacle segments (Shoals:1)
  A withered plant (D:15)
932 creatures vanquished.

Grand Total: 2104 creatures vanquished

Notes
Turn   | Place    | Note
--------------------------------------------------------------
     0 | D:1      | Geppetto the Minotaur Berserker began the quest for the Orb.
     0 | D:1      | Reached XP level 1. HP: 19/19 MP: 0/0
    98 | D:1      | Reached skill level 4 in Axes
   156 | D:1      | Noticed an iron imp
   157 | D:1      | Noticed a quasit
   157 | D:1      | Noticed a demonic crawler
   157 | D:1      | Found a corrupted altar of Lugonu.
   157 | D:1      | Found a one-way gate to the infinite horrors of the Abyss.
   157 | D:1      | Noticed an iron imp
   158 | D:1      | Noticed an iron imp
   158 | D:1      | Noticed a quasit
   160 | D:1      | Noticed an iron imp
   192 | D:1      | Reached XP level 2. HP: 26/26 MP: 1/1
   325 | D:1      | Reached ** piety under Trog
   373 | D:1      | Reached XP level 3. HP: 31/31 MP: 2/2
   814 | D:2      | Reached skill level 5 in Axes
  1043 | D:2      | Reached XP level 4. HP: 34/39 MP: 3/3
  1393 | D:2      | Noticed Sigmund
  1401 | D:2      | Killed Sigmund
  1401 | D:2      | Reached skill level 6 in Axes
  1401 | D:2      | Reached XP level 5. HP: 33/45 MP: 4/4
  1516 | D:3      | Reached skill level 7 in Axes
  1516 | D:3      | Reached XP level 6. HP: 51/51 MP: 5/5
  1816 | D:3      | Reached *** piety under Trog
  2496 | D:4      | Noticed Edmund
  2504 | D:4      | Killed Edmund
  2504 | D:4      | Reached skill level 5 in Armour
  2505 | D:4      | Reached skill level 5 in Fighting
  2505 | D:4      | Reached XP level 7. HP: 61/61 MP: 6/6
  2585 | D:4      | Noticed Grinder
  2595 | D:4      | Killed Grinder
  2617 | D:4      | Reached skill level 8 in Axes
  2631 | D:4      | Noticed striepan's ghost (novice MiFi)
  2837 | D:4      | Noticed Eustachio
  2920 | D:4      | Killed striepan's ghost
  2920 | D:4      | Reached XP level 8. HP: 73/73 MP: 7/7
  2924 | D:4      | Killed Eustachio
  3173 | D:4      | Found a staircase to the Ecumenical Temple.
  3215 | Temple   | Entered the Ecumenical Temple
  3320 | D:5      | Entered Level 5 of the Dungeon
  3683 | D:5      | Reached skill level 9 in Axes
  3690 | D:5      | Found a white marble altar of Elyvilon.
  3691 | D:5      | Found a glowing golden altar of the Shining One.
  3691 | D:5      | Found a sparkling altar of Nemelex Xobeh.
  3692 | D:5      | Found an ancient bone altar of Kikubaaqudgha.
  3694 | D:5      | Found a glowing silver altar of Zin.
  3776 | D:5      | Noticed heinrich's ghost (novice GrFi)
  3963 | D:5      | Reached **** piety under Trog
  4059 | D:5      | Killed heinrich's ghost
  4059 | D:5      | Reached XP level 9. HP: 83/83 MP: 8/8
  5347 | D:6      | Identified a scroll of acquirement
  5348 | D:6      | Got a blackened halberd
  5355 | D:6      | Identified the +4 halberd of Noon {pain, *Rage Str+3} (You acquired it on level 6 of the Dungeon)
  5659 | D:6      | Reached skill level 10 in Fighting
  5945 | D:7      | Reached skill level 1 in Short Blades
  5945 | D:7      | Reached skill level 10 in Axes
  5996 | D:7      | Found a burning altar of Makhleb.
  5999 | D:7      | Noticed oplop's ghost (novice MfIE)
  6008 | D:7      | Killed oplop's ghost
  6072 | D:7      | Noticed Joseph
  6088 | D:7      | Killed Joseph
  6409 | D:7      | Reached XP level 10. HP: 84/96 MP: 9/9
  7058 | D:8      | Noticed Erolcha
  7202 | D:8      | Reached skill level 1 in Shields
  7986 | D:8      | Killed Erolcha
  8136 | D:8      | Received a gift from Trog
  8243 | D:8      | Noticed Prince Ribbit
  8520 | D:9      | Reached skill level 11 in Axes
  8721 | D:9      | Found a staircase to the Orcish Mines.
  8731 | D:9      | Found an oddly glowing altar of Pakellas.
  8932 | D:10     | Entered Level 10 of the Dungeon
  8938 | D:10     | Received a gift from Trog
  8988 | D:10     | Noticed a death yak
  9021 | D:10     | Killed an unseen horror
  9026 | D:10     | Killed a death yak
  9026 | D:10     | Reached XP level 11. HP: 77/106 MP: 10/10
  9032 | D:10     | Reached skill level 10 in Armour
  9337 | D:10     | Found a staircase to the Lair.
  9492 | D:10     | Noticed a hill giant
  9508 | D:10     | Killed a hill giant
  9508 | D:10     | Reached skill level 5 in Shields
  9760 | D:10     | Got a shimmering scale mail
  9808 | D:10     | Killed an unseen horror
 10024 | D:10     | Identified the cursed +1 scale mail "Neju" {rElec rC+ Int+6} (You found it on level 10 of the Dungeon)
 10201 | D:10     | Noticed Maurice
 10218 | D:10     | Killed Maurice
 10493 | D:10     | Noticed a hill giant
 10501 | D:10     | Killed a hill giant
 11374 | Lair:1   | Entered Level 1 of the Lair of Beasts
 11715 | Lair:1   | Reached skill level 12 in Axes
 12733 | Lair:2   | Reached ***** piety under Trog
 12746 | Lair:2   | Reached skill level 5 in Dodging
 12782 | Lair:2   | Noticed kae's ghost (journeyman DDFi)
 13087 | Lair:2   | Reached XP level 12. HP: 106/117 MP: 11/11
 13211 | Lair:2   | Reached skill level 1 in Crossbows
 13330 | Lair:2   | Killed kae's ghost
 14751 | Lair:4   | Reached skill level 15 in Fighting
 14774 | Lair:4   | Found an ancient bone altar of Kikubaaqudgha.
 14916 | Lair:4   | Received a gift from Trog
 14955 | Lair:4   | Found a hole to the Spider Nest.
 15348 | Lair:4   | Found a staircase to the Shoals.
 15368 | Lair:4   | Reached skill level 13 in Axes
 15841 | Lair:5   | Noticed an eight-headed hydra
 15847 | Lair:5   | Killed a seven-headed hydra
 15852 | Lair:5   | Noticed Kirke
 15863 | Lair:5   | Killed Kirke
 16223 | Lair:5   | Reached XP level 13. HP: 68/128 MP: 4/12
 17069 | Lair:6   | Found a staircase to the Slime Pits.
 17928 | Lair:7   | Reached skill level 14 in Axes
 18262 | Lair:7   | Received a gift from Trog
 18532 | Lair:8   | Entered Level 8 of the Lair of Beasts
 18697 | Lair:8   | Reached skill level 10 in Dodging
 18781 | Lair:8   | Noticed Snorg
 18801 | Lair:8   | Killed Snorg
 18957 | Lair:8   | Reached XP level 14. HP: 135/138 MP: 4/13
 19956 | Lair:8   | Reached skill level 15 in Axes
 20161 | Slime:1  | Entered Level 1 of the Pits of Slime
 21827 | D:12     | Gained mutation: You have large cloven feet. [potion of beneficial mutation]
 21828 | D:12     | Gained mutation: You are agile. (Dex +2) [potion of beneficial mutation]
 22025 | D:12     | Received a gift from Trog
 22473 | D:13     | Found a blossoming altar of Fedhas.
 22546 | D:13     | Reached skill level 16 in Axes
 23242 | D:14     | Reached XP level 15. HP: 147/147 MP: 14/14
 23411 | D:14     | Found a gate to the Vaults.
 23634 | D:14     | Noticed a storm dragon
 23648 | D:14     | Killed a storm dragon
 23648 | D:14     | Reached skill level 17 in Axes
 24033 | D:15     | Entered Level 15 of the Dungeon
 24158 | D:15     | Found a staircase to the Depths.
 24250 | D:15     | Noticed Azrael
 24277 | D:15     | Killed Azrael
 24606 | D:15     | Reached skill level 18 in Axes
 25132 | Orc:1    | Entered Level 1 of the Orcish Mines
 25175 | Orc:1    | Found an iron altar of Okawaru.
 25313 | Orc:2    | Entered Level 2 of the Orcish Mines
 25360 | Orc:2    | Found a staircase to the Elven Halls.
 25373 | Orc:2    | Noticed Donald
 25382 | Orc:2    | Killed Donald
 25623 | Orc:2    | Received a gift from Trog
 26125 | Orc:2    | Reached skill level 19 in Axes
 26129 | Orc:2    | Received a gift from Trog
 26178 | Orc:2    | Found Temmugic's Jewellery Emporium.
 26178 | Orc:2    | Found Salyaff's General Store.
 26183 | Orc:2    | Found Ascho's General Store.
 26183 | Orc:2    | Found Vutal's Jewellery Boutique.
 26194 | Orc:2    | Bought a scroll of enchant weapon for 82 gold pieces
 26210 | Orc:2    | Bought an uncursed ring of ice for 425 gold pieces
 26616 | Spider:1 | Entered Level 1 of the Spider Nest
 26871 | Spider:1 | Reached skill level 20 in Axes
 26942 | Spider:1 | Reached XP level 16. HP: 80/155 MP: 15/15
 27574 | Spider:1 | Received a gift from Trog
 27577 | Spider:1 | Got a crystal dagger {god gift}
 27583 | Spider:1 | Identified the +9 dagger "Tuguasoi" {antimagic, *Confuse rC++ Int+6} (Trog gifted it to you on level 1 of the Spider Nest)
 28762 | Spider:2 | Reached skill level 21 in Axes
 29897 | Spider:3 | Received a gift from Trog
 29900 | Spider:3 | Got a steaming battleaxe {god gift}
 29901 | Spider:3 | Identified the +8 battleaxe "Tormentor" {holy, rC+} (Trog gifted it to you on level 3 of the Spider Nest)
 30697 | Spider:4 | Entered Level 4 of the Spider Nest
 31404 | Spider:4 | Reached skill level 15 in Armour
 31730 | Spider:4 | Reached XP level 17. HP: 158/163 MP: 16/16
 32203 | Spider:3 | Lost intelligence.
 32719 | Spider:2 | Received a gift from Trog
 33538 | Spider:4 | Got a gossamer rune of Zot
 34004 | Lair:8   | Got a faintly glowing bone ring
 34006 | Lair:8   | Identified the ring "Qoilemok" {rElec rF++ SInv} (You found it on level 8 of the Lair of Beasts)
 34540 | Shoals:1 | Entered Level 1 of the Shoals
 34557 | Shoals:1 | Noticed a kraken
 34840 | Shoals:1 | Killed a kraken
 34840 | Shoals:1 | Reached skill level 22 in Axes
 35025 | Shoals:1 | Received a gift from Trog
 35782 | Shoals:2 | Received a gift from Trog
 36426 | Shoals:2 | Noticed Nikola
 36468 | Shoals:2 | Mangled by Nikola

Skill      XL: |  1  2  3  4  5  6  7  8  9 10 11 12 13 14 15 16 17 |
---------------+----------------------------------------------------+-----
Axes           | 4 5 6 7 8 9 10 11 12 13 14 16 20 21 22 | 22.1
Armour         | 3 4 5 6 7 8 9 11 12 13 14 15 16 | 16.3
Fighting       | 5 7 9 11 12 14 15 16 17 18 | 18.7
Short Blades   | 2 3 |  3.5
Shields        | 4 6 9 |  9.3
Dodging        | 5 7 10 11 13 | 13.1
Crossbows      | 1 |  1.0

Action                   |  1- 3 |  4- 6 |  7- 9 | 10-12 | 13-15 | 16-18 || total
-------------------------+-------+-------+-------+-------+-------+-------++-------
Melee: Hand axe          |    90 |    82 |   293 |   708 |       |       ||  1173
       Headbutt          |    17 |    12 |    67 |   231 |   245 |   219 ||   791
       Broad axe         |       |       |       |   158 |   495 |       ||   653
       Dagger            |       |       |       |     1 |     2 |       ||     3
       Executioner's axe |       |       |       |       |   420 |   771 ||  1191
       Scimitar          |       |       |       |       |     6 |       ||     6
       Battleaxe         |       |       |       |       |       |   129 ||   129
Invok: Berserk           |     1 |     4 |     5 |     9 |     8 |     4 ||    31
       Trog's Hand       |       |     1 |     2 |    10 |    20 |    18 ||    51
       Brothers in Arms  |       |       |     3 |     4 |     9 |     7 ||    23
       Burn Spellbooks   |       |       |       |     3 |     3 |       ||     6
Evoke: Wand              |       |       |       |       |     2 |     5 ||     7
  Use: Scroll            |     5 |     7 |    10 |     8 |    19 |     7 ||    56
       Potion            |       |       |       |     1 |    14 |    16 ||    31
 Stab: Petrified         |       |       |       |       |     1 |       ||     1
       Distracted        |       |       |       |       |     1 |       ||     1
  Eat: Chunk             |     1 |     8 |    17 |    38 |    33 |    21 ||   118
       Beef jerky        |       |       |     2 |       |       |     1 ||     3
       Bread ration      |       |       |       |     3 |     4 |     1 ||     8
       Fruit             |       |       |       |       |       |    14 ||    14
       Pizza             |       |       |       |       |       |     3 ||     3
Armor: Animal skin       |    10 |       |       |       |       |       ||    10
       Ring mail         |    12 |    28 |       |       |       |       ||    40
       Chain mail        |       |     2 |     2 |       |       |       ||     4
       Plate armour      |       |       |   111 |   405 |   496 |   966 ||  1978
Dodge: Dodged            |    48 |    40 |    78 |   236 |   491 |   745 ||  1638
Block: Buckler           |       |       |    42 |   189 |   149 |       ||   380
